Map: 킹스 코브 - 래더

Players

DnS - Winner!

  • Race: Protoss Protoss
  • Spawn Location: 11:00

SouLeer

  • Race: Zerg Zerg
  • Spawn Location: 5:00

Event: HomeStory Cup XIX

VOD

Have the link to the VOD?

Description

Time

  • Played on: June 27, 2019, 5:39 p.m.
  • Length: 8:17

All games in this series

Show
View Real Time Build Order
Export as new Build Order

DnS Protoss - Winner!

Build Orders: 1 Gate Expand, Oracle Opening, Phoenix Opening, Zealot Archon, Archon Drop 

Get SALT Encoding   

  12  0:00  Probe  
  13  0:13  Probe  
  14  0:18  Pylon  
  14  0:24  Probe  
  15  0:32  Probe  
  15  0:41  Probe, Gateway  
  16  0:48  Assimilator  
  17  0:51  Probe  
  18  1:03  Probe  
  19  1:15  Probe  
  20  1:27  Nexus  
  20  1:37  Cybernetics Core  
  20  1:41  Probe  
  20  1:46  Assimilator  
  21  1:53  Probe  
  22  1:56  Pylon  
  22  2:04  Adept  
  22  2:05  Probe  
  25  2:17  Probe  
  25  2:22  Stargate  
  26  2:29  Probe, Warp Gate  
  27  2:34  Adept  
  27  2:35  Probe  
  29  2:37  Probe  
  29  2:43  Probe  
  31  2:45  Probe  
  33  2:53  Probe  
  33  2:56  Probe, Oracle  
  35  3:05  Probe  
  39  3:08  Probe  
  39  3:10  Pylon  
  40  3:17  Probe  
  41  3:20  Probe  
  41  3:24  Assimilator  
  41  3:26  Assimilator  
  42  3:29  Probe  
  42  3:32  Probe, Gateway  
  44  3:36  Phoenix  
  46  3:41  Probe  
  46  3:44  Probe  
  46  3:46  Robotics Facility  
  48  3:53  Probe  
  49  3:56  Probe  
  49  4:00  Twilight Council  
  50  4:04  Pylon  
  50  4:17  Zealot  
  50  4:18  Probe x2  
  50  4:20  Gateway  
  50  4:21  Gateway  
  54  4:25  Warp Prism  
  54  4:30  Probe  
  54  4:31  Probe, Pylon  
  56  4:55  Templar Archives  
  54  5:01  Zealot x2  
  54  5:06  Observer  
  59  5:13  Nexus  
  59  5:15  Probe x2, Pylon  
  59  5:18  Immortal  
  61  5:27  Probe  
  61  5:28  Probe  
  63  5:29  Charge  
  63  5:33  High Templar, Pylon  
  63  5:34  High Templar x3  
  75  5:37  Archon  
  75  5:38  Archon  
  75  5:46  Immortal  
  75  5:47  Probe x2  
  75  5:49  Pylon  
  81  6:12  Gateway  
  81  6:13  Sentry x3  
  81  6:14  Gateway x2  
  81  6:15  Gateway  
  81  6:16  Immortal  
  91  6:42  Sentry, Zealot x2  
  91  6:43  Zealot  
  99  6:53  Pylon  
  99  6:54  Pylon  
  99  7:07  High Templar x2  
  103  7:08  Zealot x3  
  103  7:11  Archon, Pylon  
  103  7:12  Pylon  
  103  7:13  Pylon  
  103  7:15  Zealot x3  
  105  7:35  Zealot x6  
  97  7:40  Zealot x2  
  91  7:59  Zealot x5  
  91  8:00  Zealot  
  82  8:13  High Templar x2  
Show
View Real Time Build Order
Export as new Build Order

SouLeer Zerg 

Build Orders: Hatch First 

Get SALT Encoding   

  12  0:00  Drone  
  13  0:12  Overlord  
  13  0:18  Drone  
  14  0:30  Drone x2  
  16  0:49  Hatchery  
  15  0:52  Drone  
  15  0:56  Drone  
  17  1:00  Drone  
  18  1:10  Extractor  
  17  1:15  Spawning Pool  
  17  1:18  Drone  
  17  1:22  Drone  
  18  1:29  Drone  
  20  1:40  Drone  
  20  1:49  Overlord  
  20  2:03  Queen  
  20  2:04  Zergling x4, Queen  
  26  2:11  Drone  
  26  2:12  Drone  
  28  2:21  Drone  
  29  2:24  Drone  
  30  2:36  Hatchery  
  29  2:44  Pneumatized Carapace  
  29  2:47  Drone x2  
  31  2:52  Metabolic Boost  
  31  2:57  Drone  
  32  3:00  Overlord  
  32  3:03  Drone  
  32  3:05  Drone  
  34  3:12  Drone x2  
  36  3:14  Overlord  
  36  3:20  Drone x2  
  36  3:22  Drone  
  39  3:27  Queen  
  39  3:31  Drone  
  39  3:33  Drone  
  43  3:39  Spore Crawler  
  43  3:40  Drone x2  
  44  3:45  Drone x3  
  47  3:49  Overlord  
  47  3:51  Drone  
  48  3:57  Drone  
  48  3:58  Spore Crawler  
  48  4:00  Queen  
  50  4:04  Spore Crawler  
  50  4:06  Drone  
  50  4:09  Drone x2  
  50  4:12  Drone x2  
  50  4:16  Queen  
  53  4:20  Overlord  
  53  4:22  Zergling x2  
  54  4:26  Zergling x4  
  56  4:32  Zergling x2, Roach Warren  
  56  4:35  Zergling x4  
  56  4:37  Drone x2  
  60  4:44  Drone x2  
  62  4:47  Drone x2  
  62  4:51  Drone x2  
  63  4:53  Drone  
  63  4:55  Drone x2, Extractor  
  63  4:56  Extractor  
  63  4:57  Overlord  
  63  4:59  Drone  
  63  5:01  Overlord  
  63  5:04  Lair  
  63  5:08  Drone  
  63  5:09  Drone  
  63  5:10  Evolution Chamber  
  63  5:13  Overlord  
  64  5:26  Roach x4  
  72  5:29  Drone x6  
  72  5:30  Drone  
  72  5:34  Extractor  
  78  5:36  Extractor  
  78  5:38  Drone x4  
  78  5:41  Zerg Missile Weapons Level 1  
  81  5:43  Overlord  
  81  5:47  Drone x3  
  81  5:48  Drone  
  85  5:55  Hatchery  
  84  5:59  Roach x2  
  84  6:11  Roach x6  
  96  6:14  Glial Reconstitution  
  96  6:23  Overlord x4  
  96  6:24  Overlord  
  93  6:43  Roach, Nydus Network  
  93  6:44  Roach x8  
  110  6:49  Roach  
  110  6:50  Roach x2  
  110  6:51  Ravager  
  117  6:54  Roach x2  
  117  6:56  Overlord  
  117  6:59  Roach  
  117  7:00  Roach  
  125  7:03  Roach  
  125  7:04  Overseer  
  125  7:07  Roach  
  125  7:08  Roach x2  
  133  7:09  Roach  
  133  7:12  Roach  
  137  7:19  Roach x3  
  137  7:22  Roach  
  145  7:29  Roach x4  
  139  7:31  Roach  
  139  7:33  Zergling x2  
  139  7:35  Roach  
  123  7:38  Roach x2  
  123  7:42  Roach x2  
  119  7:51  Roach x5  
  125  7:57  Roach x3  
Tags
 
Add a new tag
Caveats
  • Supply blocks, unpowered buildings, or Contaminate may cause inaccurate times.
  • Supply counts are checked every 10 seconds.